 Dungeon Crawl Stone Soup version 0.20-a0-556-g892c87b (webtiles) character file.

338 krabocopter the Conjurer (level 6, -10/48 HPs)
             Began as a Draconian Conjurer on Feb 7, 2017.
             Mangled by Nico3ck's ghost (13 damage)
             ... on level 4 of the Dungeon.
             The game lasted 00:26:08 (3700 turns).

krabocopter the Conjurer (Draconian Conjurer)       Turns: 3700, Time: 00:26:09

Health: -10/48     AC:  6    Str: 10    XL:     6   Next: 29%
Magic:  2/10       EV: 17    Int: 18    God:
Gold:   227        SH:  0    Dex: 16    Spells: 4/11 levels left

rFire    . . .     SeeInvis .   u - +1 dagger (freeze)
rCold    . . .     Gourm    .   (armour unavailable)
rNeg     . . .     Faith    .   (no shield)
rPois    +         Spirit   .   (helmet restricted)
rElec    .         Reflect  .   (no cloak)
rCorr    .         Harm     .   (no gloves)
MR       .....                  (no boots)
Stlth    +++.......             (no amulet)
Regen    0.2/turn               (no ring)
                                d - ring of poison resistance

@: agile, about to teleport
A: unfitting armour, cold-blooded, AC +6
a: no special abilities


You were on level 4 of the Dungeon.
You were not hungry.

You visited 1 branch of the dungeon, and saw 4 of its levels.

You collected 227 gold pieces.

Inventory:

Hand Weapons
 k - a +0 hunting sling of velocity
 t - a +0 blowgun
 u - a +1 dagger of freezing (weapon)
Missiles
 g - 2 tomahawks (quivered)
Jewellery
 d - a ring of poison resistance (left hand)
Scrolls
 c - 2 scrolls of identify
 h - 2 scrolls of random uselessness
 n - a scroll of magic mapping
 p - a scroll of enchant armour
 q - a scroll of fear
Potions
 r - a potion of magic
 s - 2 potions of curing
 w - a potion of brilliance
Books
 a - a book of Conjurations

   Spells                             Type                      Level
   a - Magic Dart                     Conjuration                  1
   b - Searing Ray                    Conjuration                  2
   c - Dazzling Spray                 Conjuration/Hexes            3
   d - Fulminant Prism                Conjuration/Hexes            4
   e - Iskenderun's Mystic Blast      Conjuration                  4
   f - Iskenderun's Battlesphere      Conjuration/Charms           5
Comestibles
 b - 5 bread rations
 f - 3 chunks of flesh
 j - 2 meat rations
 l - a fruit
 v - 2 royal jellies


   Skills:
 - Level 2.0 Fighting
 - Level 1.7 Dodging
 - Level 1.7 Stealth
 - Level 3.0 Spellcasting
 * Level 6.8 Conjurations


You had 4 spell levels left.
You knew the following spells:

 Your Spells              Type           Power        Failure   Level  Hunger
a - Magic Dart            Conj           ####         1%          1    None
b - Searing Ray           Conj           ####..       1%          2    ##.....
c - Iskenderun's Mystic   Conj           ####....     12%         4    ####...


Dungeon Overview and Level Annotations

Branches:
Dungeon (4/15)
 Temple: D:4-7

Altars:

Annotations:
D:4 Nico3ck's ghost, novice FoFi


Innate Abilities, Weirdness & Mutations

Your plain brown scales are hard. (AC +6)
You cannot fit into any form of body armour.
You are cold-blooded and may be slowed by cold attacks.


Message History

Aim: Nico3ck's ghost (lightly damaged)
The magic dart hits the hound.
You kill the hound!
Casting: Magic Dart
Confirm with . or Enter, or press ? or * to list all spells.
Aiming: Iskenderun's Mystic Blast
Press: ? - help, Shift-Dir - straight line, f/p - Nico3ck's ghost
Aim: Nico3ck's ghost (lightly damaged)
The orb of energy hits Nico3ck's ghost.
Nico3ck's ghost is moderately damaged.
Nico3ck's ghost hits you.
* * * LOW HITPOINT WARNING * * *
Casting: Iskenderun's Mystic Blast
Confirm with . or Enter, or press ? or * to list all spells.
You don't have enough magic to cast that spell.
Unknown command.
There is an open door here.
As you read the scroll of teleportation, it crumbles to dust.
You feel strangely unstable. Nico3ck's ghost hits you!
You die...

############## #............#
#............# #####
#............# #...#
##...@........# #.#.#
#...W#####'#..# #.#.#
#....'...†.#W.# #.#.#
#....#.###.#..#
#.#.########)...#.###.#..#
#.........##....#.###.#..#
###.#####.##....#.....+..#######
......#.#....####+#####........#
###.#.#...#....................#


You could see Nico3ck's ghost.

Vanquished Creatures
  An ogre (D:4)
  A scorpion (D:4)
  A hound (D:4)
  A bullfrog skeleton (D:4)
  6 adders
  An ooze (D:3)
  2 adder skeletons (D:4)
  A worm (D:2)
  4 dart slugs
  4 leopard geckos
  3 orcs
  A ball python (D:2)
  5 giant cockroaches
  3 goblins
  6 hobgoblins
  2 jackals (D:4)
  2 quokkas
  12 bats
  7 frilled lizards
  9 kobolds
  7 rats
79 creatures vanquished.

Notes
Turn   | Place    | Note
-------+----------+-------------------------------------------
     0 | D:1      | krabocopter the Draconian Conjurer began the quest for the Orb.
     0 | D:1      | Reached XP level 1. HP: 14/14 MP: 3/3
    88 | D:1      | Reached skill level 1 in Fighting
   293 | D:1      | Reached XP level 2. HP: 20/24 MP: 5/5
   400 | D:1      | Learned a level 2 spell: Searing Ray
   930 | D:2      | Reached XP level 3. HP: 27/29 MP: 0/6
  1838 | D:2      | Reached XP level 4. HP: 36/36 MP: 3/8
  2382 | D:3      | Noticed an orc warrior
  2539 | D:3      | Learned a level 4 spell: Iskenderun's Mystic Blast
  2729 | D:3      | Reached skill level 5 in Conjurations
  3320 | D:4      | Noticed an ogre
  3337 | D:4      | Killed an ogre
  3337 | D:4      | Reached XP level 5. HP: 41/41 MP: 4/9
  3410 | D:4      | Reached skill level 6 in Conjurations
  3476 | D:4      | Reached XP level 6. HP: 48/48 MP: 5/10
  3643 | D:4      | Noticed Nico3ck's ghost (novice FoFi)
  3694 | D:4      | HP: 2/48 [Nico3ck's ghost (3)]
  3700 | D:4      | Mangled by Nico3ck's ghost

Vault maps used:
D:1:      saegor_arrival_simple_c
D:2:      minmay_pentomino_r2
D:3:      first_bread
D:4:      minmay_misc_feat_encased

Skill      XL: |  1  2  3  4  5 |
---------------+----------------+-----
Fighting       | 1 2 |  2.0
Spellcasting   | 3 |  3.0
Conjurations   | 5 6 |  6.8
Dodging        | |  1.7
Stealth        | |  1.7

Action                   |  1- 3 |  4- 6 || total
-------------------------+-------+-------++-------
Melee: Unarmed           |    11 |       ||    11
       Tailslap          |     6 |     7 ||    13
       Mace              |    44 |       ||    44
       Short sword       |     5 |    24 ||    29
       Dagger            |       |    38 ||    38
Throw: Tomahawk          |       |     1 ||     1
 Cast: Magic Dart        |    56 |    48 ||   104
       Searing Ray       |     2 |     6 ||     8
       Iskenderun's Myst |       |     1 ||     1
  Use: Potion            |     1 |     3 ||     4
       Scroll            |       |     9 ||     9
 Stab: Sleeping          |     3 |       ||     3
  Eat: Chunk             |     4 |     5 ||     9
       Fruit             |       |     1 ||     1
Armor: Skin              |    25 |    30 ||    55
Dodge: Dodged            |    52 |    69 ||   121
